 Dungeon Crawl Stone Soup version 0.32-a0-953-g508020473e (webtiles) character file.

Game seed: 10004886603473848039

74850 NotYourErnst the Basher (level 15, -10/113 HPs)
             Began as a Demonspawn Ice Elementalist on Apr 14, 2024.
             Mangled by a +2 glaive of distortion (14 damage)
             ... on level 1 of the Elven Halls on Apr 16, 2024.
             The game lasted 06:25:27 (33950 turns).

NotYourErnst the Basher (DsIE)                     Turns: 33950, Time: 06:25:28

Health: -10/113    AC: 16    Str: 17    XL:     15   Next: 8%
Magic:  27/27      EV: 14    Int: 21    God:
Gold:   78         SH:  0    Dex: 15    Spells: 8/30 levels left

rFire   + + .        J - +8 whip "Snakebite" {venom, curare, rPois}
rCold   + . .        (no shield)
rNeg    . . .        X - +1 troll leather armour
rPois   +            z - +0 helmet
rElec   +            a - scarf {rC+ rF+}
rCorr   .            M - +0 pair of gloves
SInv    .            S - +0 pair of boots "Muedeb" {rElec Int+2}
Will    +++..        c - amulet "Xuetei" {Regen+ Str+6}
Stlth   ++++         g - +4 ring of protection
HPRegen 1.98/turn    t - ring of Hospitality {rElec rF+ Will++}
MPRegen 0.20/turn

%: no passive effects
@: no status effects
A: hooves 2, icy blue scales 2, spiny 1, demonic magic 2
a: no special abilities


You were on level 1 of the Elven Halls.
You visited 4 branches of the dungeon, and saw 21 of its levels.
You visited 1 bazaar.
You also visited: Sewer, Ossuary, Gauntlet and Ice Cave.

You collected 1959 gold pieces.
You spent 1881 gold pieces at shops.

Inventory:

Hand Weapons
 h - the +7 quarterstaff of Dust {drain, rC+ Int+2}
   (You acquired it on level 1 of the Lair of Beasts)

   Int+2:     It affects your intelligence (+2).
   rC+:       It protects you from cold.
 J - the +8 whip "Snakebite" (weapon) {venom, curare, rPois}
   (You found it on level 1 of the Lair of Beasts)

   rPois:     It protects you from poison.
Missiles
 i - 4 throwing nets
 k - 31 poisoned darts (quivered)
 m - 16 javelins
 L - 2 darts of dispersal
 U - 3 curare-tipped darts
Armour
 a - a scarf of resistance (worn)
 z - a +0 helmet (worn)
 M - a +0 pair of gloves (worn)
 S - the +0 pair of boots "Muedeb" (worn) {rElec Int+2}
   (You bought it in a shop on level 2 of the Dungeon)

   Int+2:     It affects your intelligence (+2).
   rElec:     It insulates you from electricity.
 X - a +1 troll leather armour (worn)
Magical Staves
 C - the staff "Haetuc" {rN+ Will++ Int-4 Necro Ice Alchemy}
   (You found it in a sewer)

   [staff of death]

   Base accuracy: +5 Base damage: 5 Base attack delay: 1.2 This weapon's minimum
   attack delay (0.6) is reached at skill level 12.
   Int-4:     It affects your intelligence (-4).
   rN+:       It protects you from negative energy.
   Will++:    It greatly increases your willpower.
   Necro:     It increases the power of your Necromancy spells.
   Ice:       It increases the power of your Ice spells.
   Alchemy:   It increases the power of your Alchemy spells.
   It falls into the 'Staves' category.
   It is a one-handed weapon.
Jewellery
 c - the amulet "Xuetei" (around neck) {Regen+ Str+6}
   (You bought it in a shop in a bazaar)

   [amulet of regeneration]

   Str+6:     It affects your strength (+6).
   Regen+:    It increases your rate of health regeneration.
 g - a +4 ring of protection (left hand)
 n - a ring of see invisible
 q - a ring of flight
 t - the ring of Hospitality (right hand) {rElec rF+ Will++}
   (You bought it in a shop on level 2 of the Orcish Mines)

   [ring of protection from fire]

   rF+:       It protects you from fire.
   rElec:     It insulates you from electricity.
   Will++:    It greatly increases your willpower.
 G - a ring of protection from fire
 N - a ring of positive energy
 R - a +5 ring of evasion
 W - a ring of magical power
 Y - a ring of resist corrosion
Wands
 l - a wand of mindburst (7)
 p - a wand of charming (11)
 v - a wand of polymorph (3)
 x - a wand of warping (29)
 Q - a wand of quicksilver (13)
 T - a wand of flame (20)
 Z - a wand of digging (6)
Scrolls
 d - 3 scrolls of fear
 e - 6 scrolls of teleportation {@r2}
 s - 2 scrolls of fog
 w - 3 scrolls of blinking {@r3}
 B - a scroll of butterflies
 P - a scroll of poison
Potions
 b - 4 potions of magic
 j - 10 potions of curing {@q2}
 r - a potion of enlightenment
 u - a potion of haste {@q5}
 A - 5 potions of attraction
 D - a potion of heal wounds {@q1}
 E - a potion of lignification
 F - a potion of brilliance
 H - 2 potions of resistance
 I - a potion of cancellation
 K - 2 potions of berserk rage
 V - a potion of might {@q3}
Miscellaneous
 f - a lightning rod (4/4)
 o - a Gell's gravitambourine (1/2)


   Skills:
 - Level 9.1 Fighting
 + Level 10.7 Maces & Flails
 - Level 4.0 Polearms
 - Level 7.5 Armour
 - Level 8.0 Dodging
 + Level 10.2 Stealth
 - Level 8.4 Spellcasting
 + Level 5.3 Conjurations
 - Level 2.0 Translocations
 - Level 5.1 Fire Magic
 - Level 9.1 Ice Magic
 * Level 1.5 Air Magic
 - Level 6.0 Alchemy
 - Level 4.0 Evocations


You had 8 spell levels left.
You knew the following spells:

 Your Spells              Type           Power      Damage    Failure   Level
a - Freeze                Ice            100%       1d10      1%          1
b - Frozen Ramparts       Ice            94%        1d15      1%          3
c - Ozocubu's Armour      Ice            47%        N/A       1%          3
d - Summon Ice Beast      Ice/Summ       28%        N/A       4%          3
e - Hailstorm             Conj/Ice       39%        3d9       1%          3
f - Scorch                Fire           60%        2d7       1%          2
g - Ignite Poison         Fire/Alch      32%        N/A       9%          4
h - Apportation           Tloc           34%        N/A       3%          1
i - Blink                 Tloc           34%        N/A       6%          2

Your spell library contained the following spells:

 Spells                   Type           Power      Damage    Failure   Level
 Magic Dart               Conj           100%       1d8       1%          1
 Ensorcelled Hibernation  Hex/Ice        56%        N/A       1%          2
 Searing Ray              Conj           62%        2d6       1%          2
 Shock                    Conj/Air       92%        1d8       2%          1
 Cigotuvi's Dreadful Rot  Necr/Alch/Air  38%        N/A       4%          2
 Summon Small Mammal      Summ           32%        N/A       9%          1
 Fulminant Prism          Conj/Alch      16%        3d10      9%          4
 Flame Wave               Conj/Fire      30%        2d9       10%         4
 Call Imp                 Summ           16%        N/A       13%         2
 Jinxbite                 Hex            16%        N/A       13%         2
 Swiftness                Air            15%        N/A       14%         3
 Alistair's Intoxication  Alch           22%        N/A       21%         5
 Call Canine Familiar     Summ           8%         N/A       26%         3
 Fugue of the Fallen      Necr           8%         N/A       26%         3
 Freezing Cloud           Conj/Ice/Air   15%        6-21      26%         5
 Iskenderun's Battlesphe  Conj           31%        2d8       26%         5
 Brom's Barrelling Bould  Conj/Erth      20%        2d4       28%         4
 Fireball                 Conj/Fire      15%        3d8       28%         5
 Summon Blazeheart Golem  Fire/Summ      19%        N/A       30%         4
 Airstrike                Air            7%         2d(2-18)  41%         4
 Summon Lightning Spire   Summ/Air       12%        N/A       54%         4
 Anguish                  Hex/Necr       4%         N/A       65%         4
 Animate Armour           Summ/Erth      16%        N/A       65%         4
 Lee's Rapid Deconstruct  Erth           4%         3d5*      94%         5
 Conjure Ball Lightning   Conj/Air       11%        3x3d6     97%         6
 Summon Cactus Giant      Summ           4%         N/A       100%        6
 Orb of Destruction       Conj           15%        9d7       100%        7


Dungeon Overview and Level Annotations

Branches:
Dungeon (13/15)            Temple (0/1) D:4            Lair (5/5) D:11
 Shoals (0/4) Lair:2       Spider (0/4) Lair:2        Slime (0/5) Lair:4
    Orc (2/2) D:11            Elf (1/3) Orc:2         Sewer (visited)
Ossuary (visited)           IceCv (visited)         Gauntlet (visited)
 Vaults: D:13-14

Altars:
Ashenzari
Cheibriados
Fedhas
Gozag
Nemelex Xobeh
Qazlal
Sif Muna
Uskayaw
Vehumet
Wu Jian
Xom
Beogh

Shops:
D:2 [   D:3 ?*[(   D:12 (   Orc:2 *[(=

Annotations:
D:5 1 transporter, gohu's ghost, novice MDFi
D:8 exclusions: door and 3 more exclusions
D:10 exclusion: vampire
D:12 exclusions: hydra, ogre mage and orc knight
Lair:1 3 runed translucent doors, exclusion: 3 doors, 1Anon's ghost, journeyman GnAE
Lair:4 1 runed translucent door, exclusion: door
Lair:5 exclusion: oklob plant


Innate Abilities, Weirdness & Mutations

You have hoof-like feet.
You are mostly covered in icy blue scales. (AC +3)
You are partially covered in sharp spines.
Spells you cast may paralyse nearby enemies.


Message History

You kill the deep elf zephyrmancer!
Your icy armour cracks and falls away as you move.
The frozen ramparts melt away as you move.
v - a wand of polymorph (3)
Items here: )) ††.
You regained 4 hp, and now have 107/113 hp.
You regained 2 hp, and now have 109/113 hp.
You regained 2 hp, and now have 111/113 hp.
Health restored: 113 You pick up a book of the Spheres and begin reading...
You add the spells Brom's Barrelling Boulder, Iskenderun's Battlesphere, Fireball, Conjure Ball Lightning and Orb of Destruction to your library.
Okay, then.
Unknown command.
You start resting.
Magic restored.
MP restored: 27
Found a flail.
You open the large door.
There is a large open door here.
You see here a +0 flail.
A deep elf archer and a +2 glaive of distortion come into view.
There is an open translucent door here.
The +2 glaive of distortion hits you from afar!!
The deep elf archer shouts!
You take 21 damage, and have 92/113 hp.
The +2 glaive of distortion hits you from afar!
Space warps horribly around you!!
The deep elf archer unwields a +0 short sword.
The deep elf archer wields a +0 longbow.
The deep elf archer shoots an arrow.
The arrow barely misses you.
The arrow hits the +2 glaive of distortion.
You take 34 damage, and have 58/113 hp.
MASSIVE DAMAGE!!
The +2 glaive of distortion hits you from afar!!
* * * LOW HITPOINT WARNING * * *
Space warps around you!
* * * LOW HITPOINT WARNING * * *
The deep elf archer shoots an arrow.
The arrow hits you!!
* * * LOW HITPOINT WARNING * * *
The +2 glaive of distortion hits you from afar!
You die...

#..#.. #. #..#. #. #..#
#. #..# #. # #..+ #.
..#'######..##+########.
........................
........................
..#####@#####..#########
#.e....(..#..#
#.........#..#
#..#####..#..# #..
..#..# #. .+..# # #..#
#..#


You could see a deep elf archer (repels missiles) and a +2 glaive of distortion.

Vanquished Creatures
  Jorgrun (Orc:1)
  An orc warlord (Orc:2)
  A minotaur (Gauntlet)
  5 hydras
  Erolcha (Orc:1)
  3 boulder beetles
  3 two-headed ogres
  3 death yaks (Lair:4)
  2 hell hogs (Lair:5)
  An orc high priest (Orc:2)
  Sonja (Orc:1)
  A skyshark (Lair:3)
  A lindwurm (Lair:5)
  3 orc knights (Orc:2)
  2 deep elf zephyrmancers (Elf:1)
  Pikel (D:8)
  2 ugly things (D:12)
  3 orc sorcerers
  A cyclops (D:13)
  3 manticores
  14 elephants
  8 black mambas
  10 cane toads
  4 orange demons (Orc:2)
  2 molten gargoyles (Lair:5)
  2 kobold blastminers (Orc:1)
  A gargoyle (D:12)
  An ice statue (IceCv)
  A yaktaur (D:12)
  13 komodo dragons
  A rime drake (shapeshifter) (Elf:1)
  6 rime drakes
  A kobold demonologist (D:11)
  4 ice devils (IceCv)
  Psyche (D:11)
  7 trolls
  5 polar bears
  A wind drake (Lair:2)
  Grinder (D:4)
  A jumping spider (Lair:2)
  17 blink frogs (Lair:3)
  A culicivora (Lair:2)
  15 slime creatures
  7 wyverns
  6 spriggans (Lair:1)
  3 air elementals (Elf:1)
  6 shadows
  A wraith (D:11)
  41 yaks
  9 basilisks
  3 wargs
  A vampire mosquito (D:12)
  Menkaure (D:4)
  4 steam dragons
  Edmund (D:4)
  A death yak simulacrum (IceCv)
  3 hell hounds (Lair:5)
  23 water moccasins
  2 sky beasts
  2 black bears
  21 orc warriors
  3 ice beasts (D:8)
  A boggart (D:12)
  8 ogres
  3 centaurs
  16 wolves
  A phantom (D:6)
  A kobold brigand (D:8)
  4 elf zombies (Ossuary)
  Blork the orc (Orc:2)
  A gnoll sergeant (D:11)
  6 bullfrogs
  5 scorpions
  14 wights
  A burial acolyte (Ossuary)
  18 killer bees
  3 electric eels
  A howler monkey (D:9)
  5 lava snakes (Lair:5)
  2 centaur zombies (Ossuary)
  2 bombardier beetles
  A wyvern simulacrum (D:8)
  23 orc priests
  3 jellies
  A sleepcap (D:7)
  5 hounds
  5 iguanas
  Ijyb (D:3)
  Natasha (thrice) (D:4)
  23 orc wizards
  2 centaur simulacra (D:8)
  5 hound zombies (Ossuary)
  A killer bee simulacrum (D:8)
  3 mummies
  Robin (D:3)
  21 adders
  16 gnolls
  A naga simulacrum (IceCv)
  7 white imps
  An ufetubus (D:8)
  A ribbon worm (D:2)
  10 dart slugs
  59 orcs
  4 bats
  13 endoplasms
  12 giant cockroaches
  A gnoll zombie (Ossuary)
  20 goblins
  13 hobgoblins
  7 jackals
  4 quokkas
  19 ball pythons
  8 frilled lizards
  12 kobolds
  3 orc zombies (Ossuary)
  9 rats
  A butterfly (Lair:1)
706 creatures vanquished.

Vanquished Creatures (collateral kills)
  A basilisk (Lair:5)
  An orc (Orc:2)
2 creatures vanquished.

Vanquished Creatures (others)
  An ufetubus (D:8)
  2 orcs
3 creatures vanquished.

Grand Total: 711 creatures vanquished

Notes
Turn   | Place    | Note
-------+----------+-------------------------------------------
     0 | D:1      | NotYourErnst the Demonspawn Ice Elementalist began the
                  | quest for the Orb.
     0 | D:1      | Reached XP level 1. HP: 13/13 MP: 3/3
   220 | D:1      | Gained mutation: You are partially covered in icy blue
                  | scales. (AC +2) [demonic ancestry]
   220 | D:1      | Reached XP level 2. HP: 20/20 MP: 1/5
   313 | D:1      | Reached skill level 1 in Fighting
   614 | D:1      | Gained mutation: You are partially covered in sharp spines.
                  | [demonic ancestry]
   614 | D:1      | Reached XP level 3. HP: 26/26 MP: 6/6
  1172 | D:2      | Found Capt's Armour Boutique.
  1366 | D:2      | Gained mutation: Spells you cast may paralyse adjacent
                  | enemies. [demonic ancestry]
  1366 | D:2      | Reached XP level 4. HP: 33/33 MP: 7/7
  1795 | D:2      | Found a faded altar of an unknown god.
  2120 | D:3      | Gained mutation: Spells you cast may paralyse nearby
                  | enemies. [demonic ancestry]
  2120 | D:3      | Reached XP level 5. HP: 15/38 MP: 5/9
  2248 | D:3      | Learned a level 3 spell: Frozen Ramparts
  2252 | D:3      | Learned a level 3 spell: Ozocubu's Armour
  2288 | D:3      | Noticed Ijyb
  2377 | D:3      | Found a shimmering blue altar of Sif Muna.
  2552 | D:3      | Found Jifaadog's Antique Armour Shop.
  2650 | D:3      | Found Gacur's General Store.
  2662 | D:3      | Bought a potion of degeneration for 12 gold pieces
  2807 | D:3      | Killed Ijyb
  2890 | D:3      | Noticed Robin
  3013 | D:3      | Killed Robin
  3096 | D:3      | Reached XP level 6. HP: 37/46 MP: 7/11
  3355 | D:3      | Found Faahoob's Weapon Shop.
  3574 | D:3      | Found Haddoikk's Magic Scroll Emporium.
  3600 | D:3      | Bought a scroll of blinking for 75 gold pieces
  3600 | D:3      | Bought a scroll of identify for 20 gold pieces
  3600 | D:3      | Bought a scroll of identify for 20 gold pieces
  3600 | D:3      | Bought a scroll of identify for 20 gold pieces
  3784 | D:4      | Identified a scroll of acquirement
  3957 | D:4      | Noticed Grinder
  3958 | D:4      | Found a sand-covered staircase.
  3969 | Ossuary  | Entered an ossuary
  4277 | Ossuary  | Found an ancient bone altar of Kikubaaqudgha.
  4342 | Ossuary  | Reached skill level 5 in Ice Magic
  4416 | Ossuary  | Gained mutation: You are mostly covered in icy blue scales.
                  | (AC +3) [demonic ancestry]
  4416 | Ossuary  | Reached XP level 7. HP: 52/52 MP: 4/12
  5298 | D:4      | Killed Grinder
  5299 | D:4      | Reached XP level 8. HP: 53/61 MP: 4/14
  5781 | D:4      | Noticed Menkaure
  5864 | D:4      | Found a staircase to the Ecumenical Temple.
  6054 | D:4      | Noticed Edmund
  6083 | D:4      | Killed Edmund
  6101 | D:4      | Killed Menkaure
  6102 | D:4      | Reached skill level 5 in Spellcasting
  6260 | D:4      | Reached skill level 5 in Fighting
  6384 | D:4      | Noticed Natasha
  6447 | D:4      | Killed Natasha
  6928 | D:4      | Noticed Natasha
  6935 | D:4      | Killed Natasha
  6998 | D:4      | Noticed Natasha
  7006 | D:4      | Killed Natasha
  7181 | D:5      | Entered Level 5 of the Dungeon
  7227 | D:5      | Found a transporter.
  7234 | D:5      | Noticed gohu's ghost (novice MDFi)
  7362 | D:5      | Found a glowing drain.
  7366 | Sewer    | Entered a sewer
  7466 | Sewer    | Reached skill level 1 in Polearms
  7665 | Sewer    | Reached skill level 1 in Conjurations
  8041 | Sewer    | Identified the staff "Haetuc" {rN+ Will++ Int-4 Necro Ice
                  | Alchemy}
  8310 | D:5      | Reached XP level 9. HP: 65/68 MP: 11/17
  8918 | D:2      | Bought the +0 pair of boots "Muedeb" {rElec Int+2} for 227
                  | gold pieces
 10451 | D:7      | Found an opulent altar of Gozag.
 10893 | D:8      | Noticed a polar bear
 10911 | D:8      | Reached skill level 5 in Stealth
 10925 | D:8      | Killed a polar bear
 10939 | D:8      | Reached XP level 10. HP: 60/76 MP: 11/19
 11097 | D:8      | Reached skill level 5 in Dodging
 11189 | D:8      | Noticed Pikel
 11197 | D:8      | Killed Pikel
 11678 | D:8      | Reached skill level 5 in Conjurations
 12098 | D:8      | Reached skill level 1 in Armour
 12404 | D:8      | Found a shimmering altar of Xom.
 12410 | D:8      | Found a broken altar of Ashenzari.
 12410 | D:8      | Found a sparkling altar of Nemelex Xobeh.
 12422 | D:8      | Found a stormy altar of Qazlal.
 12952 | D:9      | Reached skill level 1 in Alchemy
 12956 | D:9      | Reached skill level 1 in Fire Magic
 13720 | D:9      | Found a hide-covered altar of Uskayaw.
 13720 | D:9      | Found a snail-covered altar of Cheibriados.
 13796 | D:9      | Found a radiant altar of Vehumet.
 13796 | D:9      | Found an ornate altar of the Wu Jian Council.
 14435 | D:10     | Entered Level 10 of the Dungeon
 14635 | D:10     | Gained mutation: You have large cloven feet. [demonic
                  | ancestry]
 14635 | D:10     | Reached XP level 11. HP: 84/84 MP: 15/21
 15402 | D:11     | Noticed a two-headed ogre
 15414 | D:11     | Killed a two-headed ogre
 15546 | D:11     | Noticed Psyche
 15552 | D:11     | Killed Psyche
 15758 | D:11     | Found a gate leading to a gauntlet.
 15788 | Gauntlet | Entered a Gauntlet
 15788 | Gauntlet | Found a transporter.
 15788 | Gauntlet | Found a transporter.
 15805 | Gauntlet | Found a transporter.
 15822 | Gauntlet | Found a transporter.
 15822 | Gauntlet | Found a transporter.
 15826 | Gauntlet | Found a transporter.
 15827 | Gauntlet | Found a transporter.
 15827 | Gauntlet | Found a transporter.
 15829 | Gauntlet | Noticed a death scarab
 15830 | Gauntlet | Noticed a death scarab
 15831 | Gauntlet | Found a runed translucent door.
 15847 | Gauntlet | Found a transporter.
 15858 | Gauntlet | Noticed an obsidian statue
 15861 | Gauntlet | Found a transporter.
 15863 | Gauntlet | Found a runed translucent door.
 15871 | Gauntlet | Found a transporter.
 15872 | Gauntlet | Noticed a catoblepas
 15876 | Gauntlet | Found a transporter.
 15919 | Gauntlet | Found a transporter.
 15925 | Gauntlet | Noticed a death scarab
 15938 | Gauntlet | Found a transporter.
 16163 | Gauntlet | Identified the +1 cloak of Suorchide {Harm *Corrode rElec
                  | Regen+}
 16403 | Gauntlet | Noticed a minotaur
 16589 | Gauntlet | Killed a minotaur
 16790 | D:11     | Found a staircase to the Orcish Mines.
 17238 | D:11     | Noticed a two-headed ogre
 17262 | D:11     | Killed a two-headed ogre
 17503 | D:11     | Reached skill level 5 in Armour
 17640 | D:11     | Found a staircase to the Lair.
 18048 | D:12     | Reached XP level 12. HP: 74/92 MP: 13/23
 18156 | D:12     | Noticed a boulder beetle
 18172 | D:12     | Killed a boulder beetle
 18537 | D:12     | Found Woet's Antique Weapon Shoppe.
 18700 | D:12     | Noticed an ogre mage
 19509 | D:12     | Noticed a seven-headed hydra
 19960 | D:13     | Noticed a tengu warrior
 20231 | Lair:1   | Entered Level 1 of the Lair of Beasts
 20307 | Lair:1   | Noticed a boulder beetle
 20329 | Lair:1   | Killed a boulder beetle
 20455 | Lair:1   | Found a runed translucent gate.
 20455 | Lair:1   | Found a runed translucent gate.
 20455 | Lair:1   | Found a runed translucent gate.
 20457 | Lair:1   | Noticed 1Anon's ghost (journeyman GnAE)
 20470 | Lair:1   | Found a frozen archway.
 20488 | Lair:1   | Acquired a ring of flight
 20490 | Lair:1   | Acquired the +7 quarterstaff of Dust {drain, rC+ Int+2}
 20515 | IceCv    | Entered an ice cave
 21377 | IceCv    | Learned a level 3 spell: Summon Ice Beast
 21382 | IceCv    | Learned a level 4 spell: Ignite Poison
 21385 | IceCv    | Noticed a reaper
 21390 | IceCv    | Learned a level 1 spell: Apportation
 21512 | Lair:1   | Reached skill level 5 in Alchemy
 21728 | Lair:1   | Found the +8 whip "Snakebite" {venom, curare, rPois}
 22097 | Lair:1   | Reached XP level 13. HP: 100/100 MP: 10/25
 22243 | Lair:1   | Reached skill level 1 in Maces & Flails
 23061 | Lair:2   | Found a staircase to the Shoals.
 23110 | Lair:2   | Reached skill level 5 in Fire Magic
 24103 | Lair:2   | Found a hole to the Spider Nest.
 24358 | Lair:2   | Reached skill level 5 in Maces & Flails
 26368 | Lair:4   | Reached XP level 14. HP: 102/108 MP: 22/26
 26632 | Lair:4   | Found a runed translucent door.
 26632 | Lair:4   | Found a staircase to the Slime Pits.
 26632 | Lair:4   | Noticed an acid blob
 27491 | Lair:4   | Upgraded the game from 0.32-a0-933-ga8fa3634e4 to
                  | 0.32-a0-953-g508020473e
 27533 | Lair:5   | Entered Level 5 of the Lair of Beasts
 27606 | Lair:5   | Found a blossoming altar of Fedhas.
 28490 | Lair:5   | Reached skill level 1 in Evocations
 29036 | Lair:5   | Found a large runed translucent door.
 29037 | Lair:5   | Found a large runed translucent door.
 30188 | Orc:1    | Entered Level 1 of the Orcish Mines
 30188 | Orc:1    | Noticed Erolcha
 30188 | Orc:1    | Noticed Sonja
 30201 | Orc:1    | Noticed Jorgrun
 30203 | Orc:1    | Killed Erolcha
 30204 | Orc:1    | Reached skill level 10 in Maces & Flails
 30204 | Orc:1    | Killed Sonja
 30213 | Orc:1    | Killed Jorgrun
 30518 | Orc:2    | Entered Level 2 of the Orcish Mines
 30518 | Orc:2    | Found a staircase to the Elven Halls.
 30781 | Orc:2    | Found a flickering gateway to a bazaar.
 30872 | Bazaar   | Entered a bazaar
 30880 | Bazaar   | Found Buakhlufewk's Book Shop.
 30881 | Bazaar   | Found Xiropol's Jewellery Shop.
 30937 | Bazaar   | Bought the amulet "Xuetei" {Regen+ Str+6} for 545 gold
                  | pieces
 30963 | Bazaar   | Bought a book of Frost for 120 gold pieces
 30963 | Bazaar   | Bought a book of Air for 132 gold pieces
 30963 | Bazaar   | Bought a book of Scorching for 180 gold pieces
 30971 | Bazaar   | Learned a level 2 spell: Blink
 31496 | Orc:2    | Learned a level 3 spell: Hailstorm
 31499 | Orc:2    | Learned a level 2 spell: Scorch
 32283 | Orc:1    | Reached skill level 10 in Stealth
 32868 | Orc:2    | Reached skill level 1 in Translocations
 32920 | Orc:2    | Noticed an orc warlord
 33132 | Orc:2    | Killed an orc warlord
 33145 | Orc:2    | Noticed Blork the orc
 33150 | Orc:2    | Killed Blork the orc
 33151 | Orc:2    | Gained mutation: You have hoof-like feet. [demonic
                  | ancestry]
 33151 | Orc:2    | Reached XP level 15. HP: 113/113 MP: 1/27
 33327 | Orc:2    | Found a roughly hewn altar of Beogh.
 33396 | Orc:2    | Found Xohiet's Jewellery Shop.
 33411 | Orc:2    | Found Ateuze's Antique Armour Shop.
 33573 | Orc:2    | Found Muchavou's Antique Weapon Shop.
 33597 | Orc:2    | Found Zoogh's General Store.
 33811 | Orc:2    | Bought the ring of Hospitality {rElec rF+ Will++} for 530
                  | gold pieces
 33858 | Elf:1    | Entered Level 1 of the Elven Halls
 33862 | Elf:1    | Paralysed by an air elemental for 1 turns
 33865 | Elf:1    | Reached skill level 1 in Air Magic
 33950 | Elf:1    | HP: 4/113 [deep elf archer/arrow (19)]
 33950 | Elf:1    | Mangled by a +2 glaive of distortion

Illustrated notes

Levels and vault maps discovered:
D:1:      amcnicky_arrival_blooded_trapdoor, layout_basic
D:2:      layout_basic, hellmonk_ecumenical_altar_pennies_from_heaven,
          serial_forest, infiniplex_forest_straight_1,
          infiniplex_forest_lined_ring, infiniplex_forest_end_double,
          infiniplex_forest_clump_curved, infiniplex_forest_lined_ring,
          infiniplex_forest_clump_curved, serial_shops,
          nicolae_shop_advertising_works [nicolae_subvault_shop_adworks],
          minmay_tromino_v2
D:3:      layout_basic, amcnicky_altar_gilded, serial_shops, shop, shop,
          nicolae_shop_tiny_glass, nicolae_shop_tiny_glass, serial_bayou,
          serial_bayou_lagoon_b, serial_bayou_pond_a, serial_bayou_pond_a,
          serial_bayou_pond_c, uniq_robin, uniq_ijyb
D:4:      layout_basic, minmay_temple_entry_fiery, gup_ossuary_entry_pyramid,
          uniq_natasha, uniq_grinder, uniq_edmund, uniq_menkaure
D:5:      layout_basic, mainiacjoe_sewer_entry_somewhere_in_here_1,
          gammafunk_ghost_smash
D:6:      layout_rooms
D:7:      layout_rooms, lemuel_coloured_pillars_altar, mrwooster_statue_mirror
D:8:      layout_loops_ring, minmay_overflow_temple_star_hex, serial_ice,
          serial_ice_f, serial_ice_l, serial_ice_o, serial_ice_g, serial_ice_c,
          serial_ice_m, kennysheep_small_square, uniq_pikel
D:9:      layout_irregular_city, jmf_multi_god_temple,
          nicolae_overflow_two_pavilions, minmay_stone_trees_small
D:10:     layout_basic, minmay_fountain_box
D:11:     layout_stronghold, erik_lair_dragon, david_orc_2,
          gauntlet_entry_generic, minmay_misc_feat_iff, uniq_psyche
D:12:     minmay_tri_box, layout_cross, serial_shops, shop
D:13:     layout_long_grid, ximxim_vaults_locker_room
Lair:1:   minmay_guarded_unrand_snakebite, layout_gridlike,
          ebering_ghost_rock_garden, portal_ice_cave_rime, wad_woods_01,
          grunt_megastairs_5, lemuel_fruit_fields
Lair:2:   layout_long_grid, minmay_shoals_entry_beasts,
          spider_nest_entry_rubble, beast_lair_carwin_10, lemuel_fruit_fields
Lair:3:   layout_regular_city
Lair:4:   layout_gridlike, slime_entry_2, grunt_megastairs_4,
          serial_bayou_shore_b
Lair:5:   cheibrodos_lair_end_hotspot, layout_hall_layers,
          chequers_serial_rivers_room_a, tgw_fedhas
Orc:1:    layout_caves, uniq_erolcha, uniq_jorgrun, uniq_sonja
Orc:2:    grunt_orc_cross, layout_diamond_mine, special_room, serial_shops,
          bzr_in_the_mist, einodemon_barbed_minivault
Elf:1:    nicolae_elf_arrival_aired_out, layout_onion_city, serial_shops, shop,
          nicolae_elf_blasts_and_bolts, dreamdust_princess_bridge

Skill      XL: |  1  2  3  4  5  6  7  8  9 10 11 12 13 14 15 |
---------------+----------------------------------------------+-----
Fighting       | 1 2 3 4 5 6 7 8 9 |  9.1
Dodging        | 2 3 4 5 6 7 8 |  8.0
Stealth        | 2 3 4 5 6 7 8 10 | 10.2
Ice Magic      | 4 5 6 7 9 |  9.1
Spellcasting   | 3 4 5 6 7 8 |  8.4
Polearms       | 2 4 |  4.0
Conjurations   | 1 4 5 |  5.3
Armour         | 3 5 7 |  7.5
Alchemy        | 1 3 5 6 |  6.0
Fire Magic     | 1 3 4 5 |  5.1
Maces & Flails | 8 10 | 10.7
Evocations     | 4 |  4.0
Translocations | 2 |  2.0
Air Magic      | 1 |  1.5

Action                     |  1- 3 |  4- 6 |  7- 9 | 10-12 | 13-15 || total
---------------------------+-------+-------+-------+-------+-------++-------
  Melee: Mace              |    79 |    25 |       |       |       ||   104
         Spear             |       |   145 |   286 |   492 |   126 ||  1049
         Quarterstaff      |       |       |       |    87 |       ||    87
         Whip              |       |       |       |       |   568 ||   568
  Throw: Javelin           |       |       |     1 |     1 |       ||     2
         Dart              |       |       |       |    21 |    10 ||    31
   Cast: Freeze            |    16 |    16 |    42 |    72 |    17 ||   163
         Frozen Ramparts   |       |    13 |    44 |   104 |   114 ||   275
         Ozocubu's Armour  |       |     4 |    20 |    69 |    72 ||   165
         Apportation       |       |       |       |     2 |       ||     2
         Ignite Poison     |       |       |       |     1 |       ||     1
         Summon Ice Beast  |       |       |       |       |     5 ||     5
         Hailstorm         |       |       |       |       |     4 ||     4
         Blink             |       |       |       |       |     1 ||     1
  Evoke: Wand              |       |       |       |     4 |     4 ||     8
         Lightning rod     |       |       |       |       |     4 ||     4
         Gell's gravitambo |       |       |       |       |     2 ||     2
    Use: Scroll            |       |    11 |    12 |    10 |     7 ||    40
         Potion            |       |       |       |     5 |     2 ||     7
   Stab: Sleeping          |     5 |       |    12 |     3 |     6 ||    26
         Paralysed         |       |    39 |   100 |   199 |   123 ||   461
         Distracted        |       |       |     1 |       |     1 ||     2
 Armour: Robe              |    41 |    78 |   146 |   251 |       ||   516
         Leather armour    |       |       |       |    54 |       ||    54
         Troll leather arm |       |       |       |    23 |   428 ||   451
  Dodge: Dodged            |    68 |    65 |   136 |   316 |   379 ||   964

Table legend: (Time is in decaauts)
 A = Elapsed time spent in this place.
 B = Non-inter-level travel time spent in this place.
 C = Inter-level travel time spent in this place.
 D = Time resting spent in this place.
 E = Time spent auto-exploring this place.
 F = Levels seen in this place.
 G = Mean time per level.
                   A        B        C        D        E       F      G
               +--------+--------+--------+--------+--------+-----+--------+
         Total |  33912 |  31973 |   1939 |   6166 |   1614 |  26 | 1304.3 |
       Dungeon |  18068 |  16949 |   1119 |   3228 |    983 |  13 | 1389.8 |
          Lair |   8603 |   7836 |    767 |   1231 |    631 |   5 | 1720.6 |
  Orcish Mines |   2939 |   2886 |     53 |    361 |      0 |   2 | 1469.5 |
   Elven Halls |     87 |     87 |      0 |      9 |      0 |   1 |   87.0 |
        Bazaar |    160 |    160 |      0 |      0 |      0 |   1 |  160.0 |
         Sewer |    808 |    808 |      0 |    221 |      0 |   1 |  808.0 |
       Ossuary |   1327 |   1327 |      0 |    382 |      0 |   1 | 1327.0 |
      Ice Cave |    961 |    961 |      0 |    589 |      0 |   1 |  961.0 |
      Gauntlet |    955 |    955 |      0 |    145 |      0 |   1 |  955.0 |
               +--------+--------+--------+--------+--------+-----+--------+

Top non-repeatable levels by time:
    D:11: 2656 daAuts
   Orc:2: 2245 daAuts
  Lair:5: 2136 daAuts
     D:4: 2101 daAuts
  Lair:2: 2014 daAuts
     D:8: 1973 daAuts
  Lair:1: 1818 daAuts
     D:3: 1735 daAuts
     D:9: 1628 daAuts
    D:12: 1525 daAuts
  Lair:4: 1487 daAuts
 Ossuary: 1327 daAuts
     D:1: 1230 daAuts
  Lair:3: 1147 daAuts
     D:2: 1042 daAuts
